 Dungeon Sprint DCSS version 0.28.0-43-g3370ac3207 (webtiles) character file.

Game seed: 18190023983070658436

12737 boopmooplesden the Minotaur Blade (level 11, 0/186 HPs)
             Began as a Minotaur Berserker on Mar 20, 2022.
             Was the Champion of Trog.
             Slain by an 11-headed hydra (2 damage)
             ... while paralysed by a floating eye
             ... in the Dungeon (Sprint I: "Red Sonja").
             The game lasted 00:05:23 (2461 turns).

boopmooplesden the Minotaur Blade (MiBe)            Turns: 2461, Time: 00:05:24

Health: 0/186      AC: 10    Str: 18    XL:     11   Next: 66%
Magic:  7/7        EV:  2    Int:  2    God:    Trog [******]
Gold:   825        SH:  0    Dex:  8    Spells: 10/10 levels left

rFire   + . .      SeeInvis .   x - +0 great sword (flame)
rCold   + . .      Faith    .   (shield currently unavailable)
rNeg    . . .      Spirit   .   q - +2 ring mail {Will+}
rPois   .          Reflect  .   t - +2 hat
rElec   .          Harm     .   s - scarf {rC+ rF+}
rCorr   .          Rampage  .   (no gloves)
Will    +....      Clarity  +   r - +0 pair of boots {Fly}
Stlth   .......... NoTele   +   (no amulet)
HPRegen 0.41/turn               (no ring)
MPRegen 0.10/turn               (no ring)

@: paralysed, berserking, flying, unable to read
A: horns 2, retaliatory headbutt, clarity, clumsy 2, deformed body,
deterioration 2, dopey 2, low MP 2, screaming 2, weak 2, no potion heal 1,
subdued magic 1, inability to read while threatened
a: Renounce Religion, Berserk, Trog's Hand, Brothers in Arms


You were in the Dungeon.
You worshipped Trog.
Trog was exalted by your worship.
You visited 1 branch You collected 1672 gold pieces.
You spent 847 gold pieces at shops.

Inventory:

Hand Weapons
 a - a +0 vorpal falchion
 m - a +4 antimagic great sword
 v - the +3 great sword of Plague {vorpal, rC+ rN+ Str+2 Stlth+}
   (Trog gifted it to you in the Dungeon)

   It inflicts extra damage upon your enemies.
   Str:       It affects your strength (+2).
   rC:        It protects you from cold.
   rN:        It protects you from negative energy.
   Stlth:     It makes you more stealthy.
 x - a +0 great sword of flaming (weapon)
Armour
 b - a +0 animal skin
 j - a +0 leather armour
 l - a +0 pair of boots
 q - a +2 ring mail of willpower (worn)
 r - a +0 pair of boots of flying (worn)
 s - a scarf of resistance (worn)
 t - a +2 hat (worn)
Wands
 i - a wand of flame (17)
Scrolls
 h - a scroll of blinking
 k - 2 scrolls of identify {unknown}
 n - 3 scrolls of holy word {unknown}
 o - a scroll of fog {unknown}
 w - a scroll of amnesia {unknown}
Potions
 c - 4 potions of curing
 d - a potion of heal wounds
 e - a potion of haste
 f - 2 potions of magic
 g - a potion of berserk rage
 u - a potion of resistance {unknown}
Miscellaneous
 p - a phial of floods


   Skills:
 + Level 20.1 Fighting
 + Level 21.8 Long Blades
 + Level 11.5 Armour
 + Level 12.9 Dodging
 + Level 4.7 Stealth


You had 10 spell levels left.
You didn't know any spells.
Your spell library was empty.

Dungeon Overview and Level Annotations

Branches:
Dungeon (1/1)

Altars:
Cheibriados
Dithmenos
Elyvilon
Fedhas
Gozag
Hepliaklqana
Kikubaaqudgha
Makhleb
Nemelex Xobeh
Okawaru
Qazlal
Ru
Sif Muna
Trog
Uskayaw
Vehumet
Wu Jian
Xom
Yredelemnul
Zin
The Shining One
Jiyva
Lugonu

Shops:
D *:??*=*!(**[[[[?[([[(


Innate Abilities, Weirdness & Mutations

You have a pair of horns on your head.
You reflexively headbutt those who attack you in melee.
You possess an exceptional clarity of mind.
You are very clumsy. (Dex -4)
Armour fits poorly on your strangely shaped body.
Your body often deteriorates upon taking damage.
You are very dopey. (Int -4)
Your magical capacity is very low. (-20% MP)
You frequently scream uncontrollably at your foes.
You are very weak. (Str -4)
Potions are less effective at restoring your health.
Your spells are a little easier to cast, but a little less powerful.
You sometimes lose the ability to read scrolls when taking damage.


Message History

The flame cauterises the wound!
You slice the 11-headed hydra!! You burn the 11-headed hydra!
The 11-headed hydra is severely wounded.
The floating eye gazes piercingly through you!
You suddenly lose the ability to move!
The 11-headed hydra bites you! The 11-headed hydra bites you. x2
The 11-headed hydra barely misses you. The 11-headed hydra bites you. x3
The 11-headed hydra bites you! x3; The 11-headed hydra bites you.
The 11-headed hydra bites you! The 11-headed hydra bites you.
The 11-headed hydra bites you! The 11-headed hydra bites you.
The 11-headed hydra bites you!
The 11-headed hydra bites you but does no damage.
The 11-headed hydra bites you. x2
The 11-headed hydra bites you but does no damage. x2
The 11-headed hydra bites you! The floating eye seems to glare at you.
The 11-headed hydra bites you. x3; The 11-headed hydra bites you!
You feel threatened and lose the ability to read scrolls!
* * * LOW HITPOINT WARNING * * *
The 11-headed hydra bites you but does no damage.
The 11-headed hydra bites you!
* * * LOW HITPOINT WARNING * * *
The 11-headed hydra bites you.
* * * LOW HITPOINT WARNING * * *
The 11-headed hydra bites you but does no damage. x3
The 11-headed hydra bites you!
* * * LOW HITPOINT WARNING * * *
The 11-headed hydra bites you.
* * * LOW HITPOINT WARNING * * *
The 11-headed hydra bites you.
* * * LOW HITPOINT WARNING * * *
The 11-headed hydra bites you but does no damage.
The 11-headed hydra bites you!
* * * LOW HITPOINT WARNING * * *
The 11-headed hydra bites you but does no damage. x2
The 11-headed hydra bites you!
* * * LOW HITPOINT WARNING * * *
The 11-headed hydra bites you but does no damage.
The 11-headed hydra bites you.
You die...

#####################
..#).#§§§§§†§.§§@DG$#
..##'#§####§§§§§##$.+
..†).#§# ##..§## ##
###..§.# ###+#
.##'#### .#.○. §#○.○○
§###.°. .'.#.°.#


You could see a 11-headed hydra and a floating eye (charged).

Vanquished Creatures
  2 centaur warriors (D)
  Sonja (D)
  A deep troll (D)
  A lindwurm (D)
  An oklob plant (D)
  8 shining eyes (D)
  A gargoyle (D)
  2 kobold demonologists (D)
  2 unseen horrors (D)
  4 demonic crawlers (D)
  A hornet (D)
  A slime creature (D)
  Sigmund (D)
  13 hogs (D)
  A yak (D)
  2 redbacks (D)
  6 floating eyes (D)
  7 necrophages (D)
  An ogre (D)
  8 jellies (D)
  Ijyb (D)
65 creatures vanquished.

Vanquished Creatures (others)
  A gargoyle (D)
  2 ballistomycete spores (D)
3 creatures vanquished.

Grand Total: 68 creatures vanquished

Notes
Turn   | Place    | Note
-------+----------+-------------------------------------------
     0 | D        | boopmooplesden the Minotaur Berserker began the quest for
                  | the Orb.
     0 | D        | Reached XP level 1. HP: 19/19 MP: 0/0
     1 | D        | Noticed Ijyb
     5 | D        | Killed Ijyb
     6 | D        | Reached skill level 5 in Fighting
     6 | D        | Reached skill level 5 in Long Blades
     6 | D        | Reached XP level 2. HP: 29/29 MP: 1/1
   158 | D        | Noticed an ogre
   163 | D        | Killed an ogre
   164 | D        | Reached skill level 8 in Long Blades
   164 | D        | Reached XP level 3. HP: 39/39 MP: 2/2
   164 | D        | Reached XP level 4. HP: 47/47 MP: 3/3
   306 | D        | Noticed Sigmund
   312 | D        | Killed Sigmund
   313 | D        | Reached skill level 10 in Long Blades
   313 | D        | Reached skill level 5 in Armour
   313 | D        | Reached skill level 5 in Dodging
   313 | D        | Reached XP level 5. HP: 58/58 MP: 4/4
   459 | D        | Found a burning altar of Makhleb.
   459 | D        | Found a viscous altar of Jiyva.
   459 | D        | Found a shimmering altar of Xom.
   459 | D        | Found a corrupted altar of Lugonu.
   459 | D        | Noticed a slime creature
   463 | D        | Killed a slime creature
   463 | D        | Reached ** piety under Trog
   464 | D        | Reached skill level 11 in Long Blades
   464 | D        | Reached XP level 6. HP: 68/68 MP: 5/5
   668 | D        | Noticed a kobold demonologist
   668 | D        | Noticed a floating eye
   669 | D        | Noticed a kobold demonologist
   671 | D        | Killed a floating eye
   672 | D        | Reached skill level 12 in Long Blades
   672 | D        | Reached XP level 7. HP: 74/74 MP: 6/6
   677 | D        | Killed a kobold demonologist
   678 | D        | Reached skill level 13 in Long Blades
   683 | D        | Killed a kobold demonologist
   683 | D        | Reached *** piety under Trog
   684 | D        | Reached skill level 1 in Stealth
   684 | D        | Reached XP level 8. HP: 86/86 MP: 7/7
   694 | D        | Found an ornate altar of the Wu Jian Council.
   694 | D        | Found a shimmering blue altar of Sif Muna.
   696 | D        | Found a radiant altar of Vehumet.
   730 | D        | Found Ciatehix's Magic Scroll Emporium.
   730 | D        | Found an ancient bone altar of Kikubaaqudgha.
   730 | D        | Found a hazy altar of Hepliaklqana.
   730 | D        | Found a stormy altar of Qazlal.
   730 | D        | Found a hide-covered altar of Uskayaw.
   730 | D        | Found a blossoming altar of Fedhas.
   730 | D        | Found a bloodstained altar of Trog.
   730 | D        | Found an iron altar of Okawaru.
   730 | D        | Found a basalt altar of Yredelemnul.
   730 | D        | Found a glowing golden altar of the Shining One.
   730 | D        | Found a snail-covered altar of Cheibriados.
   730 | D        | Found a sacrificial altar of Ru.
   730 | D        | Found a glowing silver altar of Zin.
   730 | D        | Found a shadowy altar of Dithmenos.
   730 | D        | Found a white marble altar of Elyvilon.
   731 | D        | Found an opulent altar of Gozag.
   738 | D        | Reached skill level 14 in Long Blades
   738 | D        | Found a sparkling altar of Nemelex Xobeh.
   742 | D        | Bought a scroll of brand weapon for 240 gold pieces
   751 | D        | Noticed a centaur warrior
   752 | D        | Noticed a centaur warrior
   757 | D        | Killed a centaur warrior
   757 | D        | Reached **** piety under Trog
   758 | D        | Reached skill level 15 in Long Blades
   760 | D        | Killed a centaur warrior
   761 | D        | Reached skill level 15 in Fighting
   761 | D        | Reached skill level 16 in Long Blades
   761 | D        | Reached XP level 9. HP: 54/97 MP: 8/8
   974 | D        | Noticed a deep troll
   979 | D        | Killed a deep troll
   991 | D        | Found Obeugonn's Armour Emporium.
   998 | D        | Bought a +0 pair of boots for 58 gold pieces
  1217 | D        | Noticed an oklob plant
  1223 | D        | Killed an oklob plant
  1224 | D        | Reached skill level 17 in Long Blades
  1230 | D        | Reached skill level 10 in Dodging
  1401 | D        | Killed an unseen horror
  1402 | D        | Reached XP level 10. HP: 74/108 MP: 9/9
  1406 | D        | Reached ***** piety under Trog
  1664 | D        | Received a gift from Trog
  1671 | D        | Reached skill level 10 in Armour
  1676 | D        | Reached skill level 18 in Long Blades
  1677 | D        | Received a gift from Trog
  1722 | D        | Found Fineseja's Distillery.
  1722 | D        | Found Qibri Queru's Assorted Antiques.
  1722 | D        | Found Lowk's Antique Weapon Boutique.
  1724 | D        | Found Viesul's General Store.
  1724 | D        | Found Okiluv's Assorted Antiques.
  1724 | D        | Found Cipn's Antique Armour Shoppe.
  1724 | D        | Found Qeept's Antique Armour Boutique.
  1724 | D        | Found Goacam's Armour Emporium.
  1724 | D        | Found Wume's Armour Shop.
  1724 | D        | Found Engerchau's Magic Scroll Shoppe.
  1728 | D        | Found Uxelaina's Armour Boutique.
  1729 | D        | Found Ipriulec's Antique Armour Emporium.
  1729 | D        | Found Okloon's Weapon Boutique.
  1730 | D        | Bought a pair of runed boots for 165 gold pieces
  1740 | D        | Found Sidyb's Weapon Emporium.
  1742 | D        | Bought a glowing scarf for 192 gold pieces
  1749 | D        | Bought a +2 hat for 192 gold pieces
  1765 | D        | Killed a gargoyle
  1794 | D        | Noticed Sonja
  1799 | D        | Killed Sonja
  1848 | D        | Found Remosup's Assorted Antiques.
  2075 | D        | Noticed a shining eye
  2075 | D        | Noticed a shining eye
  2075 | D        | Noticed a shining eye
  2075 | D        | Gained mutation: Your body sometimes deteriorates upon
                  | taking damage. [a shining eye]
  2076 | D        | Paralysed by a floating eye for 4 turns
  2080 | D        | Gained mutation: You are dopey. (Int -2) [a shining eye]
  2081 | D        | Noticed a shining eye
  2081 | D        | Noticed a shining eye
  2081 | D        | Noticed a shining eye
  2081 | D        | Gained mutation: You are very dopey. (Int -4) [a shining
                  | eye]
  2082 | D        | Reached ****** piety under Trog
  2082 | D        | Gained mutation: You are weak. (Str -2) [a shining eye]
  2083 | D        | Gained mutation: You sometimes lose the ability to read
                  | scrolls when taking damage. [a shining eye]
  2084 | D        | Gained mutation: You possess an exceptional clarity of
                  | mind. [a shining eye]
  2085 | D        | Killed a shining eye
  2086 | D        | Noticed a shining eye
  2086 | D        | Noticed a shining eye
  2088 | D        | Killed a shining eye
  2089 | D        | Reached skill level 19 in Long Blades
  2089 | D        | Gained mutation: You have hidden genetic defects. [a
                  | shining eye]
  2089 | D        | Gained mutation: You occasionally shout uncontrollably at
                  | your foes. [a shining eye]
  2090 | D        | Killed a shining eye
  2090 | D        | Paralysed by a floating eye for 4 turns
  2097 | D        | Received a gift from Trog
  2098 | D        | Gained mutation: Potions are less effective at restoring
                  | your health. [a shining eye]
  2099 | D        | Gained mutation: Your body often deteriorates upon taking
                  | damage. [a shining eye]
  2100 | D        | Killed a shining eye
  2100 | D        | Gained mutation: Armour fits poorly on your strangely
                  | shaped body. [a shining eye]
  2101 | D        | Reached XP level 11. HP: 119/119 MP: 3/10
  2101 | D        | Gained mutation: You are clumsy. (Dex -2) [a shining eye]
  2103 | D        | Gained mutation: Your magical capacity is low. (-10% MP) [a
                  | shining eye]
  2104 | D        | Killed a shining eye
  2104 | D        | Gained mutation: You are very weak. (Str -4) [a shining
                  | eye]
  2106 | D        | Killed a shining eye
  2107 | D        | Reached skill level 20 in Long Blades
  2107 | D        | Gained mutation: Your magical capacity is very low. (-20%
                  | MP) [a shining eye]
  2108 | D        | Killed a shining eye
  2109 | D        | Gained mutation: Your spells are a little easier to cast,
                  | but a little less powerful. [a shining eye]
  2111 | D        | Killed a shining eye
  2113 | D        | Gained mutation: You frequently scream uncontrollably at
                  | your foes. [hidden defects]
  2122 | D        | Found Weygoec's Book Shoppe.
  2122 | D        | Found Pojof's Assorted Antiques.
  2122 | D        | Found Edoxat's Magic Scroll Emporium.
  2122 | D        | Found Lymafa Gubb's Jewellery Boutique.
  2184 | D        | Identified the +3 great sword of Plague {vorpal, rC+ rN+
                  | Str+2 Stlth+} (Trog gifted it to you in the Dungeon)
  2184 | D        | Received a gift from Trog
  2237 | D        | Noticed a lindwurm
  2245 | D        | Killed a lindwurm
  2246 | D        | Reached skill level 21 in Long Blades
  2427 | D        | Received a gift from Trog
  2440 | D        | Received a gift from Trog
  2453 | D        | Gained mutation: You are very clumsy. (Dex -4) [hidden
                  | defects]
  2453 | D        | Lost mutation: You have hidden genetic defects. [hidden
                  | defects expressed]
  2456 | D        | Noticed a 12-headed hydra
  2457 | D        | Paralysed by a floating eye for 4 turns
  2461 | D        | HP: 2/186 [11-headed hydra (8)]
  2461 | D        | Slain by an 11-headed hydra

Illustrated notes

Levels and vault maps discovered:
D:        dungeon_sprint_1 [red_sonja_temple_1, red_sonja_temple_small_1]

Skill      XL: |  1  2  3  4  5  6  7  8  9 10 11 |
---------------+----------------------------------+-----
Fighting       | 5 7 9 11 13 15 16 18 20 | 20.1
Long Blades    | 5 8 10 11 12 13 16 17 19 21 | 21.8
Armour         | 3 4 5 6 7 8 9 11 | 11.5
Dodging        | 3 5 6 7 9 10 12 | 12.9
Stealth        | 1 2 3 4 |  4.7

Action                   |  1- 3 |  4- 6 |  7- 9 | 10-12 || total
-------------------------+-------+-------+-------+-------++-------
Melee: Falchion          |     7 |     8 |    44 |     9 ||    68
       Headbutt          |     3 |     3 |    13 |    29 ||    48
       Great sword       |       |       |       |    98 ||    98
Invok: Berserk           |     2 |     3 |     4 |     4 ||    13
  Use: Scroll            |       |       |     2 |       ||     2
 Stab: Sleeping          |       |       |     1 |       ||     1
Armor: Leather armour    |       |       |     6 |     8 ||    14
       Ring mail         |       |       |       |    26 ||    26
Dodge: Dodged            |     3 |     4 |    18 |    44 ||    69
